 Dungeon Crawl Stone Soup version 0.20.1-1-g8b1a95d (webtiles) character file.

6701 Irenicus the Grappler (level 10, -2/91 HPs)
             Began as a Troll Chaos Knight on Oct 8, 2017.
             Slain by an orc warrior
             ... wielding a +0 short sword
              (8 damage)
             ... on level 9 of the Dungeon.
             The game lasted 00:26:20 (6641 turns).

Irenicus the Grappler (Troll Chaos Knight)          Turns: 6641, Time: 00:26:21

Health: -2/91      AC:  7    Str: 25      XL:     10   Next: 74%
Magic:  18/19      EV: 10    Int:  5 (6)  God:    Xom [...*..]
Gold:   571        SH:  0    Dex: 12      Spells: 8/9 levels left

rFire    . . .     SeeInvis .     - Unarmed
rCold    . . .     Gourm    +   (no shield)
rNeg     . . .     Faith    .   N - +2 robe of the Duke {+Fly MP+9}
rPois    .         Spirit   .   (helmet restricted)
rElec    .         Reflect  .   h - +0 cloak
rCorr    .         Harm     .   (gloves unavailable)
MR       .....     Rnd*Tele +   (boots unavailable)
Stlth    +.........             s - amulet of rage
Regen    0.7/turn               (no ring)
MPRegen  0.2/turn               v - +3 ring of strength

@: confusing touch
A: unfitting armour, claws 3, deformed body, deterioration 1, dopey 1, fast
metabolism 3, gourmand, low mp 1, sense surroundings 1, regeneration 1, shaggy
fur 1, teleportitis 1, tough skin 2
a: Renounce Religion, Evoke Berserk Rage, Evoke Flight


You were on level 9 of the Dungeon.
You worshipped Xom.
You were a favourite toy of Xom.
You were not hungry.

You visited 1 branch of the dungeon, and saw 10 of its levels.

You collected 571 gold pieces.

Inventory:

Hand Weapons
 E - the +0 dagger "Qyus" {pierce, +Inv MR++ Dex+5}
   (You found it on level 6 of the Dungeon)

   It inflicts extra damage upon your enemies.
   It affects your dexterity (+5).
   It affects your resistance to hostile enchantments.
   It lets you turn invisible.
Armour
 a - a +2 robe
 h - a +0 cloak (worn)
 B - a +0 large shield
 N - the +2 robe of the Duke (worn) {+Fly MP+9}
   (You found it on level 8 of the Dungeon)

   It affects your magic capacity (+9).
   It lets you fly.
Jewellery
 f - a -2 ring of intelligence
 s - an amulet of rage (around neck)
 v - a +3 ring of strength (right claw)
 A - an uncursed ring of fire
Wands
 u - a wand of polymorph (14/24)
 y - a wand of digging (1/24)
 z - a wand of digging (10/24)
 K - a wand of lightning (6/15)
 L - a wand of enslavement (15/24)
Scrolls
 d - a scroll of recharging
 g - 3 scrolls of enchant weapon
 i - 2 scrolls of fog
 j - 2 scrolls of noise
 k - 8 scrolls of identify
 l - a scroll of vulnerability {unknown}
 q - 5 scrolls of teleportation
 r - a scroll of random uselessness {unknown}
 G - a scroll of remove curse
 I - a scroll of blinking
Potions
 e - 4 potions of flight {unknown}
 n - a potion of invisibility {unknown}
 o - a potion of cancellation {unknown}
 p - 2 potions of mutation {unknown}
 t - 4 potions of curing {unknown}
 w - a potion of magic {unknown}
 x - 3 potions of ambrosia {unknown}
 C - a potion of might
 D - 2 potions of berserk rage {unknown}
Books
 m - a Young Poisoner's Handbook

   Spells                             Type                      Level
   a - Sting                          Conjuration/Poison           1
   b - Poisonous Vapours              Poison/Air                   2
   c - Mephitic Cloud                 Conjuration/Poison/Air       3
   d - Olgreb's Toxic Radiance        Poison                       4
   e - Venom Bolt                     Conjuration/Poison           5
 F - a book of Flames

   Spells                             Type                      Level
   a - Flame Tongue                   Conjuration/Fire             1
   b - Throw Flame                    Conjuration/Fire             2
   c - Conjure Flame                  Conjuration/Fire             3
   d - Inner Flame                    Hexes/Fire                   3
   e - Sticky Flame                   Conjuration/Fire             4
   f - Fireball                       Conjuration/Fire             5
 H - a book of Cantrips

   Spells                             Type                      Level
   a - Confusing Touch                Hexes                        1
   b - Animate Skeleton               Necromancy                   1
   c - Summon Small Mammal            Summoning                    1
   d - Apportation                    Translocation                1
 M - a book of Air

   Spells                             Type                      Level
   a - Shock                          Conjuration/Air              1
   b - Swiftness                      Charms/Air                   2
   c - Static Discharge               Conjuration/Air              3
   d - Airstrike                      Air                          4
   e - Lightning Bolt                 Conjuration/Air              5
Comestibles
 b - 7 bread rations
 c - 5 meat rations
 J - 2 royal jellies


   Skills:
 - Level 3.0 Fighting
 - Level 2.0 Dodging
 + Level 14.2 Unarmed Combat
 - Level 4.0 Hexes
 - Level 3.0 Evocations


You had 8 spell levels left.
You knew the following spells:

 Your Spells              Type           Power        Failure   Level  Hunger
a - Confusing Touch       Hex            #.....       10%         1    ##.....


Dungeon Overview and Level Annotations

Branches:
Dungeon (10/15)            Temple (0/1) D:7
   Lair: D:8-11         Orc: D:9-12

Altars:
Dithmenos
Fedhas
Gozag
Nemelex Xobeh
Sif Muna
Trog
Xom

Shops:
D:4 =   D:6 [


Innate Abilities, Weirdness & Mutations

You are too large for most types of armour.
You have claws for hands.
Your metabolism is lightning-fast.
You like to eat raw meat.
Your natural rate of healing is unusually fast.
You are covered in fur. (AC +1)
You have very tough skin. (AC +2)
Armour fits poorly on your strangely shaped body.
Your body sometimes deteriorates upon taking damage.
You are dopey. (Int -2)
Your magical capacity is low. (-10% MP)
You passively map a small area around you.
You are occasionally teleported next to monsters.


Message History

The orc wizard mumbles some strange words.
The orc wizard blinks!
The orc priest hits something.
There is a stone staircase leading up here.
The orc priest seems less confused.
The orc warrior hits you but does no damage.
You climb upwards.
There is a stone staircase leading down here.
Casting: Confusing Touch
Confirm with . or Enter, or press ? or * to list all spells.
Your claws begin to glow red.
The orc warrior hits you with a short sword!
* * * LOW HITPOINT WARNING * * *
You barely miss the orc warrior.
You scratch the orc warrior but do no damage.
The orc warrior hits you with a short sword!
* * * LOW HITPOINT WARNING * * *
Your body deteriorates!
You feel dopey.
You barely miss the orc warrior.
The orc warrior hits you with a short sword!
You die...

###)####### ###.
#[.# #... #)##
####.## ####.#######
#......
#..........###......
#............#......
#..........#.#......
#..........#........
#..@.......###..<...
#.o........# #......
#..........# #......
#..........# #######
#..........#
#..........#
####.####### #
#......# #
########'## #


You could see an orc warrior.

Vanquished Creatures
  A two-headed ogre (D:8)
  The ghost of Elmdore the Grappler, a novice TrFi of Ru (D:8)
  The ghost of matthes123 the Cleaver, a novice MiFi of Nemelex Xobeh (D:4)
  A troll (D:9)
  Prince Ribbit (D:5)
  3 hippogriffs
  2 steam dragons (D:4)
  A yak (D:10)
  A hungry ghost (D:10)
  A soldier ant (D:6)
  An orc warrior (D:7)
  A hornet zombie (D:6)
  2 ice beasts
  2 sky beasts (D:9)
  A black bear (D:8)
  2 ogres
  2 phantoms (D:5)
  2 centaurs
  2 bullfrogs
  2 wyvern skeletons
  4 scorpions
  6 killer bees (D:9)
  6 wights
  2 howler monkeys
  5 crimson imps
  A centaur zombie (D:5)
  A bullfrog zombie (D:4)
  7 hounds
  2 centaur skeletons
  4 jellies
  2 orc priests
  3 orc wizards
  A bullfrog skeleton (D:4)
  3 iguanas
  Ijyb (D:4)
  6 worker ants
  3 hound zombies
  2 hound skeletons (D:7)
  Robin (D:3)
  A worker ant zombie (D:5)
  8 gnolls
  3 adders
  An ooze (D:5)
  An adder zombie (D:7)
  An adder skeleton (D:7)
  3 dart slugs
  5 leopard geckos
  29 orcs
  2 ball pythons
  7 bats
  3 giant cockroaches
  16 goblins
  8 hobgoblins
  15 jackals
  4 quokkas
  4 frilled lizards
  6 kobolds
  5 rats
212 creatures vanquished.

Vanquished Creatures (collateral kills)
  An orc warrior (D:6)
  2 wights (D:10)
  An orc (D:9)
4 creatures vanquished.

Vanquished Creatures (others)
  A yak (D:10)
  An orc priest (D:9)
  A plant (D:10)
3 creatures vanquished.

Grand Total: 219 creatures vanquished

Notes
Turn   | Place    | Note
-------+----------+-------------------------------------------
     0 | D:1      | Irenicus the Troll Chaos Knight began the quest for the Orb.
     0 | D:1      | Reached XP level 1. HP: 22/22 MP: 0/0
    81 | D:1      | Reached XP level 2. HP: 29/29 MP: 1/1
   179 | D:1      | XOM: silly message
   383 | D:1      | Reached XP level 3. HP: 36/36 MP: 2/2
   709 | D:2      | XOM: harmless Air miscast
   808 | D:2      | XOM: harmless Necr miscast
   821 | D:2      | XOM: harmless Conj miscast
   857 | D:2      | XOM: butterfly on damage
  1097 | D:2      | Reached skill level 4 in Unarmed Combat
  1582 | D:3      | XOM: noise
  1597 | D:3      | Reached XP level 4. HP: 19/45 MP: 3/3
  1636 | D:3      | XOM: medium Ice miscast
  1641 | D:3      | XOM: medium Conj miscast
  1697 | D:3      | Noticed Robin
  1733 | D:3      | Killed Robin
  1733 | D:3      | Reached skill level 5 in Unarmed Combat
  1760 | D:3      | XOM: 2-stop teleportation journey
  2044 | D:4      | Reached XP level 5. HP: 29/53 MP: 4/4
  2058 | D:4      | Noticed matthes123's ghost (novice MiFi)
  2063 | D:4      | XOM: noise
  2065 | D:4      | Killed matthes123's ghost
  2065 | D:4      | Reached skill level 7 in Unarmed Combat
  2065 | D:4      | Reached XP level 6. HP: 61/61 MP: 5/5
  2068 | D:4      | Reached XP level 7. HP: 67/67 MP: 6/6
  2099 | D:4      | Noticed Ijyb
  2114 | D:4      | Killed Ijyb
  2131 | D:4      | Reached skill level 8 in Unarmed Combat
  2169 | D:4      | Found a blossoming altar of Fedhas.
  2173 | D:4      | Noticed a steam dragon
  2173 | D:4      | a howler monkey changed into a steam dragon
  2173 | D:4      | XOM: polymorph howler monkey -> steam dragon
  2177 | D:4      | Killed a steam dragon
  2237 | D:4      | Found Wiguf's Jewellery Emporium.
  2287 | D:4      | XOM: give mutations
  2287 | D:4      | Gained mutation: You are frail. (-10% HP) [Xom's mischief]
  2287 | D:4      | Gained mutation: Your magical capacity is low. (-10% MP) [Xom's mischief]
  2287 | D:4      | Gained mutation: Armour fits poorly on your strangely shaped body. [Xom's mischief]
  2287 | D:4      | Lost mutation: You are frail. (-10% HP) [Xom's mischief]
  2443 | D:4      | XOM: cleaving
  2584 | D:4      | XOM is BORED!
  2584 | D:4      | XOM: summons 3 hostile demons
  2634 | D:4      | Noticed Edmund
  2639 | D:4      | XOM: swap monsters
  2651 | D:4      | XOM: god gift: 21 stones
  2652 | D:4      | Noticed Edmund
  2652 | D:4      | Edmund changed into Edmund the steam dragon
  2652 | D:4      | XOM: polymorph Edmund -> Edmund the steam dragon
  2656 | D:4      | Killed Edmund the steam dragon
  2656 | D:4      | Reached XP level 8. HP: 45/75 MP: 8/8
  2748 | D:5      | Entered Level 5 of the Dungeon
  2748 | D:5      | Found a sparkling altar of Nemelex Xobeh.
  2761 | D:5      | Found a blossoming altar of Fedhas.
  2838 | D:5      | XOM: confuse monster(s)
  2848 | D:5      | Reached skill level 9 in Unarmed Combat
  2898 | D:5      | Found a shadowy altar of Dithmenos.
  2909 | D:5      | XOM: 3-stop teleportation journey
  2921 | D:5      | Found an opulent altar of Gozag.
  2922 | D:5      | Found a bloodstained altar of Trog.
  3023 | D:5      | Noticed Eustachio
  3036 | D:5      | Noticed Eustachio
  3036 | D:5      | Eustachio changed into Eustachio the ooze
  3036 | D:5      | XOM: polymorph Eustachio -> Eustachio the ooze
  3048 | D:5      | Killed Eustachio the ooze
  3060 | D:5      | XOM: confuse monster(s)
  3067 | D:5      | Reached skill level 10 in Unarmed Combat
  3109 | D:5      | XOM: polymorph bullfrog -> jelly
  3234 | D:5      | XOM: medium Conj miscast
  3429 | D:5      | Noticed Prince Ribbit
  3456 | D:5      | Killed Prince Ribbit
  3456 | D:5      | Reached skill level 11 in Unarmed Combat
  3495 | D:5      | Reached XP level 9. HP: 80/81 MP: 9/9
  3621 | D:5      | XOM: god gift: 28 gold pieces
  3889 | D:6      | Found a deep blue altar of Sif Muna.
  3952 | D:6      | Got a crystal dagger
  3953 | D:6      | Identified the cursed +0 dagger "Qyus" {pierce, +Inv MR++ Dex+5} (You found it on level 6 of the Dungeon)
  4008 | D:6      | Found Ymnaerob's Antique Armour Shoppe.
  4065 | D:6      | XOM: cast spell 'Shadow Creatures'
  4065 | D:6      | XOM: smoke on damage
  4115 | D:6      | Reached skill level 12 in Unarmed Combat
  4624 | D:7      | Found a staircase to the Ecumenical Temple.
  4915 | D:7      | XOM is BORED!
  4915 | D:7      | XOM: summons 4 hostile demons
  4994 | D:8      | Reached skill level 13 in Unarmed Combat
  5024 | D:8      | Learned a level 1 spell: Confusing Touch
  5097 | D:8      | Noticed a two-headed ogre
  5098 | D:8      | XOM: summons friendly shadow imp
  5105 | D:8      | Xom revived you
  5114 | D:8      | Killed a two-headed ogre
  5114 | D:8      | Reached XP level 10. HP: 21/91 MP: 7/10
  5125 | D:8      | XOM: medium Hex miscast
  5376 | D:8      | Noticed Elmdore's ghost (novice TrFi)
  5395 | D:8      | XOM: enchant monster (good)
  5398 | D:8      | Killed Elmdore's ghost
  5598 | D:8      | Got a silken robe
  5609 | D:8      | Identified the +2 robe of the Duke {+Fly MP+9} (You found it on level 8 of the Dungeon)
  5636 | D:9      | Reached skill level 14 in Unarmed Combat
  5639 | D:9      | XOM: divination: detect items
  5678 | D:9      | Reached skill level 1 in Hexes
  5741 | D:9      | XOM: divination: magic mapping
  5855 | D:9      | Gained mutation: You passively map a small area around you. [mutagenic meat]
  5856 | D:9      | Gained mutation: You are occasionally teleported next to monsters. [mutagenic meat]
  5972 | D:9      | Gained mutation: Your body sometimes deteriorates upon taking damage. [mutagenic meat]
  5973 | D:9      | Gained mutation: You are dopey. (Int -2) [mutagenic meat]
  6003 | D:9      | XOM: harmless Conj miscast
  6074 | D:9      | XOM: enchant monster (good)
  6231 | D:9      | XOM: enchant monster (good)
  6300 | D:9      | XOM: divination: detect creatures
  6478 | D:9      | XOM: enchant monster (bad)
  6485 | D:9      | XOM: cleaving
  6501 | D:9      | XOM: god gift: 40 gold pieces
  6536 | D:10     | Entered Level 10 of the Dungeon
  6602 | D:10     | XOM: scenery: create altars
  6604 | D:10     | XOM: enchant monster (good)
  6628 | D:10     | XOM: enchant monster (good)
  6629 | D:10     | XOM: scenery: create altars
  6633 | D:10     | XOM: scenery: create altars
  6641 | D:9      | Slain by an orc warrior

Skill      XL: |  1  2  3  4  5  6  7  8  9 10 |
---------------+-------------------------------+-----
Dodging        | 2 |  2.0
Fighting       | 3 |  3.0
Unarmed Combat | 4 5 7 8 11 13 14 | 14.2
Evocations     | 3 |  3.0
Hexes          | 4 |  4.0

Action                   |  1- 3 |  4- 6 |  7- 9 | 10-12 || total
-------------------------+-------+-------+-------+-------++-------
Melee: Unarmed           |   105 |    47 |   339 |   179 ||   670
       Punch             |     3 |     2 |    16 |    10 ||    31
 Cast: Confusing Touch   |       |       |       |    17 ||    17
 Abil: Evoke Berserk Rag |       |     1 |     1 |       ||     2
Evoke: Wand              |       |       |       |     1 ||     1
  Use: Scroll            |       |       |     7 |       ||     7
       Potion            |       |       |     1 |     1 ||     2
 Stab: Distracted        |       |       |     2 |       ||     2
       Confused          |       |       |     1 |     7 ||     8
       Paralysed         |       |       |       |     2 ||     2
       Sleeping          |       |       |       |     1 ||     1
  Eat: Chunk             |    12 |     6 |    34 |    12 ||    64
       Bread ration      |       |       |       |     1 ||     1
Armor: Robe              |    39 |    16 |    98 |    31 ||   184
       Skin              |       |       |     5 |       ||     5
Dodge: Dodged            |    54 |    13 |   152 |    55 ||   274
